 Dungeon Crawl Stone Soup version 0.26-a0-466-g989023bd0d (webtiles) character file.

Game seed: 5452917413529783789

2952 Apogee the Destroyer (level 9, -10/45 HPs)
             Began as a Deep Elf Fire Elementalist on Aug 14, 2020.
             Shot with a sling bullet by Joseph (11 damage)
             ... on level 8 of the Dungeon.
             The game lasted 00:23:16 (10107 turns).

Apogee the Destroyer (Deep Elf Fire Elementalist)  Turns: 10107, Time: 00:23:17

Health: -10/45     AC:  3    Str:  5    XL:     9   Next: 52%
Magic:  5/24       EV: 13    Int: 24    God:
Gold:   435        SH:  0    Dex: 15    Spells: 14/27 levels left

rFire    . . .     SeeInvis .   f - +0 dagger
rCold    . . .     Faith    .   (no shield)
rNeg     . . .     Spirit   .   a - +0 robe
rPois    .         Reflect  .   y - +0 helmet
rElec    .         Harm     .   (no cloak)
rCorr    .                      (no gloves)
MR       +....                  (no boots)
Stlth    ++........             (no amulet)
HPRegen  0.15/turn              l - ring of protection from magic
MPRegen  0.19/turn              u - ring of flight

@: no status effects
A: no striking features
a: Evoke Flight


You were on level 8 of the Dungeon.
You visited 1 branch of the dungeon, and saw 8 of its levels.
You also visited: Sewer.

You collected 435 gold pieces.

Inventory:

Hand Weapons
 f - a +0 dagger (weapon)
   (You took it off a goblin on level 1 of the Dungeon)
Missiles
 s - 186 stones (quivered)
Armour
 a - a +0 robe (worn)
 y - a +0 helmet (worn)
   (You took it off Robin on level 3 of the Dungeon)
 B - the cursed +1 ring mail the Barnacled Tuna {rN+ Dex+3, unknown}
   (You found it on level 4 of the Dungeon)

   It affects your dexterity (+3).
   It protects you from negative energy.
   It has a curse placed upon it.
Jewellery
 e - an uncursed amulet of regeneration
   (You found it on level 2 of the Dungeon)
 i - an uncursed amulet of guardian spirit
   (You found it on level 1 of the Dungeon)
 l - a ring of protection from magic (left hand)
   (You found it on level 4 of the Dungeon)
 q - an uncursed ring of stealth
   (You found it on level 2 of the Dungeon)
 u - a ring of flight (right hand)
   (You found it on level 3 of the Dungeon)
 v - a +4 ring of protection
   (You found it on level 3 of the Dungeon)
 C - an uncursed ring of resist corrosion {unknown}
   (You found it on level 6 of the Dungeon)
 K - an uncursed amulet of the acrobat {unknown}
   (You found it on level 8 of the Dungeon)
 L - a cursed amulet of inaccuracy {unknown}
   (You found it on level 8 of the Dungeon)
Wands
 F - a wand of polymorph (7)
   (You found it on level 6 of the Dungeon)
 I - a wand of enslavement (2)
   (You found it on level 7 of the Dungeon)
Scrolls
 h - 2 scrolls of remove curse {@r2}
 j - 5 scrolls of teleportation {@r4}
 k - 3 scrolls of amnesia
 m - 2 scrolls of noise {!r}
 n - 2 scrolls of enchant weapon
 p - 2 scrolls of immolation {!r}
 r - a scroll of magic mapping
 w - 9 scrolls of identify {@r1}
 x - 2 scrolls of enchant armour {unknown}
 G - a scroll of vulnerability {unknown}
 H - a scroll of fear {unknown}
 J - a scroll of blinking {unknown}
Potions
 b - a potion of magic
 c - a potion of invisibility {unknown}
 d - a potion of flight
 g - 2 potions of brilliance
 o - 2 potions of lignification {!q}
 t - a potion of haste {unknown}
 z - 4 potions of cancellation {unknown}
 A - 2 potions of heal wounds {@q2}
 E - a potion of berserk rage {unknown}
Miscellaneous
 D - a phantom mirror


   Skills:
 - Level 2.4 Dodging
 - Level 2.4 Stealth
 + Level 9.5 Spellcasting
 + Level 9.7 Conjurations
 * Level 8.5 Fire Magic


You had 14 spell levels left.
You knew the following spells:

 Your Spells              Type           Power        Failure   Level
a - Foxfire               Conj/Fire      ####         1%          1
d - Conjure Flame         Conj/Fire      ######..     1%          3
q - Sticky Flame          Conj/Fire      ######..     1%          4
x - Fireball              Conj/Fire      ######....   3%          5

Your spell library contained the following spells:

 Spells                   Type           Power        Failure   Level
 Inner Flame              Hex/Fire       ####....     3%          3


Dungeon Overview and Level Annotations

Branches:
Dungeon (8/15)             Temple (0/1) D:4           Sewer (visited)
   Lair: D:8-11

Altars:
Dithmenos
Fedhas
Gozag
Hepliaklqana
Trog
Vehumet
Xom
Yredelemnul
Zin

Annotations:
D:8 Joseph


Message History

Okay, then.
Aim: an orc The sticky flame hits the orc!
The orc is covered in liquid flames!
The orc burns!
You kill the orc!
The orc wizard burns!
You kill the orc wizard!
You now have 435 gold pieces (gained 16).
Things that are here:
a +1 dagger of draining; a +0 robe; an orc corpse You start resting.
You start resting.
There is an open door here.
There is a stone staircase leading down here.
You climb downwards.
A white imp comes into view.
The white imp moves out of view.
Found a shadowy altar of Dithmenos.
Found a stone staircase leading down.
There is a stone staircase leading up here.
Joseph, a Mercenary comes into view.
He is wielding a +0 quarterstaff and carrying a wand of acid (11).
You can't see any susceptible monsters within range! (Use Z to cast anyway.) Unknown command.
The spell is quite dangerous to cast (3% risk of failure)!
Continue anyway?
Aim: Joseph, wielding a +0 quarterstaff, wearing a +0 leather armour, quivering 27 sling bullets and carrying a wand of acid (11) (wandering, hasn't noticed you)
The fireball explodes!
The fireball engulfs Joseph!
Joseph shouts!
You hear a howl!
Joseph unwields a +0 quarterstaff.
Joseph wields a +0 hunting sling.
Joseph shoots a sling bullet.
The sling bullet hits you!
You hear a croak.
The spell is quite dangerous to cast (3% risk of failure)!
Continue anyway?
Aim: Joseph, wielding a +0 hunting sling, wearing a +0 leather armour, quivering 26 sling bullets and carrying a wand of acid (11) (moderately wounded)
The fireball explodes!
The fireball engulfs Joseph!
Joseph shoots a sling bullet.
The sling bullet hits you!
* * * LOW HITPOINT WARNING * * *
A howler monkey comes into view.
The spell is quite dangerous to cast (3% risk of failure)!
Continue anyway?
Aim: Joseph, wielding a +0 hunting sling, wearing a +0 leather armour, quivering 25 sling bullets and carrying a wand of acid (11) (heavily wounded)
The fireball explodes!
The fireball engulfs Joseph!
The spell is quite dangerous to cast (3% risk of failure)!
Continue anyway?
The fireball explodes!
The fireball engulfs Joseph!
The fireball engulfs the howler monkey!!
You kill the howler monkey!
Joseph shoots a sling bullet.
The sling bullet hits you!
* * * LOW HITPOINT WARNING * * *
You don't have enough magic to cast that spell.
Okay, then.
Unknown command.
Unknown command.
Joseph shoots a sling bullet.
The sling bullet hits you!
You die...

. ##### ..
#...# ...
....#.... ##
#....@...
##.###........
##..#..(.....†.
#.....@###+###.
###.....#
#.......###.##
#.....<.###_..'
##......###.###
#........#
.........#
..........
...........


You could see Joseph.

Vanquished Creatures
  2 hippogriffs
  Eustachio (D:4)
  Edmund (D:6)
  2 ice beasts (D:5)
  3 ogres
  A killer bee (D:7)
  A centaur (D:8)
  5 bullfrogs
  3 howler monkeys
  A bullfrog zombie (D:5)
  4 hounds
  2 jellies
  7 orc priests
  2 iguanas
  4 orc wizards
  8 worker ants
  A worker ant zombie (D:7)
  Robin (D:3)
  14 gnolls
  11 adders
  A white imp (D:5)
  An ooze (D:3)
  An adder skeleton (D:8)
  2 adder zombies
  3 worms
  11 dart slugs
  20 leopard geckos
  16 orcs
  15 giant cockroaches
  16 goblins
  14 hobgoblins
  11 jackals
  5 kobolds
  4 quokkas
  4 ball pythons
  6 bats
  8 frilled lizards
  A leopard gecko skeleton (D:6)
  A quokka skeleton (D:5)
  23 rats
237 creatures vanquished.

Vanquished Creatures (collateral kills)
  A killer bee (D:7)
1 creature vanquished.

Vanquished Creatures (others)
  3 killer bees (D:7)
  895 foxfires
898 creatures vanquished.

Grand Total: 1136 creatures vanquished

Notes
Turn   | Place    | Note
-------+----------+-------------------------------------------
     0 | D:1      | Apogee the Deep Elf Fire Elementalist began the quest for
                  | the Orb.
     0 | D:1      | Reached XP level 1. HP: 10/10 MP: 6/6
   116 | D:1      | Reached XP level 2. HP: 15/15 MP: 4/8
   504 | D:1      | Reached XP level 3. HP: 19/19 MP: 8/10
  1671 | D:2      | Reached XP level 4. HP: 24/24 MP: 6/12
  2776 | D:2      | Found an opulent altar of Gozag.
  2777 | D:2      | Found a radiant altar of Vehumet.
  2784 | D:2      | Found a basalt altar of Yredelemnul.
  2785 | D:2      | Found a bloodstained altar of Trog.
  2786 | D:2      | Found a hazy altar of Hepliaklqana.
  2788 | D:2      | Found a shimmering altar of Xom.
  2855 | D:3      | Reached XP level 5. HP: 20/28 MP: 3/14
  3080 | D:3      | Reached skill level 5 in Spellcasting
  3528 | D:3      | Noticed Robin
  3555 | D:3      | Killed Robin
  3555 | D:3      | Reached skill level 5 in Fire Magic
  4059 | D:4      | Found a glowing silver altar of Zin.
  4078 | D:4      | Reached XP level 6. HP: 4/32 MP: 6/16
  4578 | D:4      | Noticed Eustachio
  4671 | D:3      | Learned a level 3 spell: Conjure Flame
  4676 | D:3      | Learned a level 4 spell: Sticky Flame
  4682 | D:3      | Learned a level 5 spell: Fireball
  4953 | D:4      | Got a faintly glowing ring mail
  5146 | D:4      | Found a staircase to the Ecumenical Temple.
  5235 | D:4      | Killed Eustachio
  5235 | D:4      | Reached skill level 5 in Conjurations
  5235 | D:4      | Reached XP level 7. HP: 36/36 MP: 11/18
  5543 | D:5      | Entered Level 5 of the Dungeon
  5995 | D:5      | Found a blossoming altar of Fedhas.
  6380 | D:5      | Reached XP level 8. HP: 41/41 MP: 14/20
  6865 | D:6      | Found a glowing drain.
  6908 | Sewer    | Entered a sewer
  7903 | D:6      | Noticed Edmund
  7915 | D:6      | Killed Edmund
  8573 | D:7      | Reached XP level 9. HP: 31/45 MP: 12/23
  9797 | D:8      | Noticed a yaktaur captain
 10098 | D:8      | Found a shadowy altar of Dithmenos.
 10101 | D:8      | Noticed Joseph
 10106 | D:8      | HP: 1/45 [Joseph/sling bullet (16)]
 10107 | D:8      | Shot with a sling bullet by Joseph

Illustrated notes

Levels and vault maps discovered:
D:1:      mrwooster_arrival_statue_2, layout_loops_ring, minmay_rat_gold_closets
D:2:      layout_loops_ring, minitemple, serial_bayou_pond_c,
          minmay_pentomino_p4
D:3:      kennysheep_slugbush, layout_basic, uniq_robin
D:4:      layout_cave_pools, zin_academy, minmay_temple_entry_grid,
          uniq_eustachio
D:5:      layout_layer_cave, marbit_many_paths
D:6:      layout_basic, portal_sewer_entry_a, uniq_edmund
D:7:      layout_basic
D:8:      gammafunk_sealed_arena, layout_cave_pools, lemuel_doored_altar,
          uniq_joseph

Skill      XL: |  1  2  3  4  5  6  7  8  9 |
---------------+----------------------------+-----
Conjurations   | 2 3 5 6 8 9 |  9.7
Spellcasting   | 4 5 6 7 8 9 |  9.5
Fire Magic     | 4 5 6 7 8 |  8.5
Dodging        | |  2.4
Stealth        | |  2.4

Action                   |  1- 3 |  4- 6 |  7- 9 || total
-------------------------+-------+-------+-------++-------
Melee: Dagger            |    42 |     9 |     1 ||    52
 Cast: Foxfire           |    78 |   211 |   286 ||   575
       Sticky Flame      |       |       |    16 ||    16
       Fireball          |       |       |     8 ||     8
       Conjure Flame     |       |       |     2 ||     2
Evoke: Wand              |       |       |     3 ||     3
  Use: Scroll            |       |    15 |       ||    15
 Stab: Sleeping          |     2 |       |     1 ||     3
Armor: Robe              |     9 |     5 |     2 ||    16
Dodge: Dodged            |    46 |    41 |    17 ||   104

Table legend: (Time is in decaauts)
 A = Elapsed time spent in this place.
 B = Non-inter-level travel time spent in this place.
 C = Inter-level travel time spent in this place.
 D = Time resting spent in this place.
 E = Time spent auto-exploring this place.
 F = Levels seen in this place.
 G = Mean time per level.
                   A        B        C        D        E       F      G
               +--------+--------+--------+--------+--------+-----+--------+
         Total |  10161 |   9866 |    295 |   1428 |   6838 |   9 | 1129.0 |
       Dungeon |   9494 |   9199 |    295 |   1344 |   6376 |   8 | 1186.8 |
         Sewer |    666 |    666 |      0 |     84 |    461 |   1 |  666.0 |
               +--------+--------+--------+--------+--------+-----+--------+

Top non-repeatable levels by time:
     D:3: 1768 daAuts
     D:7: 1675 daAuts
     D:1: 1551 daAuts
     D:2: 1289 daAuts
     D:5: 1134 daAuts
     D:6: 1039 daAuts
     D:4: 946 daAuts
   Sewer: 666 daAuts
     D:8: 89 daAuts
